cohdb
Replays
Latest Replays
All Replays
Popular Replays
Top Player Replays
Match Explorer
How It Works
Community
CoH3 Stats
Reddit
Sign in to upload your games and track your stats! →
Sign in with Steam
Match 41180944
Unlisted
Match 41180944
Overview
Messages
Build Orders
End
Construct Infanterie Kompanie
Selects Terror Battlegroup
Grenadier Squad
Grenadier Squad
Grenadier Squad
Construct Panzergrenadier Kompanie
251 Medium Carrier
Panzergrenadier Squad
Selects Contempt for the Weak
Panzergrenadier Squad
Support Elements
Medical Station
Selects Heavy Gunnery
Pak 40 Anti-tank Gun Team
StuG III G Assault Gun
Selects Defend the Fatherland
StuG III G Assault Gun
Pioneer Squad
Panzergrenadier Officer Quarters
Defend the Fatherland
Pioneer Squad
Pioneer Squad
Mr Freemon
Geheimsache
michelin2_0
1136234805
rush b
SteveO
0
0
Comments
sign in to comment!
No comments posted yet!